 Dungeon Crawl Stone Soup version 0.31-a0-1227-g0136665373 (webtiles) character file.

Game seed: 12831399571158552327

102 avis the Trooper (level 4, 0/42 HPs)
             Began as a Hill Orc Monk on Dec 15, 2023.
             Slain by a kobold brigand
             ... wielding a +0 short sword
              (1 damage)
             ... in a sewer.
             The game lasted 00:13:05 (2425 turns).

avis the Trooper (Hill Orc Monk)                    Turns: 2425, Time: 00:13:05

Health: 0/42       AC:  6    Str: 15    XL:     4   Next: 77%
Magic:  4/4        EV: 10    Int: 10    God:
Gold:   113        SH:  4    Dex: 13    Spells: 3/3 levels left

rFire   . .          .
                       - Unarmed
rCold   . . .        s - +0 buckler
rNeg    . . .        f - +0 ring mail
rPois   .            (no helmet)
rElec   .            l - +0 cloak
rCorr   .            (no gloves)
SInv    .            (no boots)
Will    .....        (no amulet)
Stlth   +            (no ring)
HPRegen 0.27/turn    (no ring)
MPRegen 0.09/turn

%: no passive effects
@: mighty, lethally poisoned (0 -> -6)
A: no striking features
a: no special abilities


You were in a sewer.
You visited 1 branch of the dungeon, and saw 3 of its levels.
You also visited: Sewer.

You collected 113 gold pieces.

Inventory:

Hand Weapons
 b - a +0 sling
Armour
 a - a +0 robe
 c - an orb of light
 f - a +0 ring mail (worn)
 l - a +0 cloak (worn)
 s - a +0 buckler (worn)
Jewellery
 j - an amulet of the acrobat
Wands
 r - a wand of paralysis (6)
Scrolls
 d - a scroll of brand weapon {unknown}
 e - 3 scrolls of teleportation {unknown}
 g - 2 scrolls of identify {unknown}
 h - a scroll of amnesia {unknown}
 i - a scroll of butterflies {unknown}
 o - 3 scrolls of noise {unknown}
 q - a scroll of poison {unknown}
Potions
 k - a potion of magic
 n - a potion of heal wounds {unknown}


   Skills:
 * Level 5.5 Fighting
 - Level 1.0 Armour
 - Level 2.4 Dodging
 - Level 1.0 Stealth
 - Level 4.0 Unarmed Combat


You had 3 spell levels left.
You didn't know any spells.
Your spell library contained the following spells:

 Spells                   Type           Power      Damage    Failure   Level
 Freeze                   Ice            0%         1d3       71%         1
 Frozen Ramparts          Ice            0%         1d1       97%         3
 Hailstorm                Conj/Ice       0%         3d5       97%         3


Dungeon Overview and Level Annotations

Branches:
Dungeon (3/15)              Sewer (1/1)

Altars:


Message History

The kobold brigand is heavily wounded.
The kobold brigand hits you with a +0 whip of holy wrath.
You enter the shallow water.
Moving in this stuff is going to be slow.
The kobold brigand throws a poisoned dart.
The poisoned dart hits you!
You are poisoned.
You feel less invigorated.
You feel less confused.
You feel very sick.
The kobold brigand throws a poisoned dart.
The poisoned dart hits you!
You are more poisoned.
You feel very sick.
The kobold brigand throws a poisoned dart.
The poisoned dart misses you.
The kobold brigand throws a poisoned dart.
The poisoned dart hits you!
You are more poisoned.
You feel very sick.
You closely miss the kobold brigand.
The kobold brigand is heavily wounded.
You feel very sick.
You barely miss the kobold brigand.
The kobold brigand is heavily wounded.
You feel sick. You block the kobold brigand's attack.
The kobold brigand splashes around in the water.
You hit the kobold brigand.
The kobold brigand is heavily wounded.
You feel very sick.
The kobold brigand hits you with a +0 short sword.
* * * LOW HITPOINT WARNING * * *
The kobold brigand hits you with a +0 whip of holy wrath!
* * * LOW HITPOINT WARNING * * *
It was a potion of might.
You feel very mighty all of a sudden.
* * * LOW HITPOINT WARNING * * *
You feel sick.
The kobold brigand hits you with a +0 short sword.
You die...

~~~~##### ##~.~.~~~..~~
## ##~~....~~..
#~~~.~.~.∩. #~.~~.~....
#~~..~.~.∩. ###
##~~~..~~... .~~~~#####
##~~~.~..~~~.
#~~.KK####~.~~##....~.
.~~~~###@~~.~...####~.~~~
### #~.~.~~~.# #~.~~~
#~~~~~..## #~~~~~~
~~..~########~...~~~~
~~##### #~.~~~####
#.~.~## #.~~# #.~. #.~.


You could see 2 kobold brigands.

Vanquished Creatures
  4 adders (D:2)
  2 worms (D:3)
  5 endoplasms
  2 giant cockroaches
  5 goblins
  9 hobgoblins
  5 jackals (D:2)
  3 quokkas
  5 ball pythons
  2 bats (D:2)
  3 frilled lizards
  2 kobolds (D:2)
  10 rats
57 creatures vanquished.

Notes
Turn   | Place    | Note
-------+----------+-------------------------------------------
     0 | D:1      | avis the Hill Orc Monk began the quest for the Orb.
     0 | D:1      | Reached XP level 1. HP: 19/19 MP: 1/1
   100 | D:1      | Found a faded altar of an unknown god.
   189 | D:1      | Reached skill level 4 in Fighting
   201 | D:1      | Reached XP level 2. HP: 17/27 MP: 2/2
   589 | D:1      | Reached XP level 3. HP: 33/35 MP: 3/3
   654 | D:1      | Reached skill level 5 in Fighting
  1288 | D:2      | Reached XP level 4. HP: 42/42 MP: 4/4
  1296 | D:2      | Reached skill level 1 in Armour
  1464 | D:2      | Reached skill level 1 in Stealth
  1691 | D:2      | Identified the +0 chain mail of Tender Moments {Rampage
                  | Dex-3 SInv}
  2129 | D:3      | Found a glowing drain.
  2192 | Sewer    | Entered a sewer
  2388 | Sewer    | Noticed a kobold brigand
  2388 | Sewer    | Noticed a kobold brigand
  2425 | Sewer    | HP: 1/42 [poisoned by a kobold brigand]
  2425 | Sewer    | Slain by a kobold brigand

Illustrated notes

Levels and vault maps discovered:
D:1:      amcnicky_arrival_choice, layout_basic, ebering_ecumenical_altar_hall,
          minmay_circled_x
D:2:      layout_loops_corners
D:3:      layout_rooms, cheibrodos_sewer_entry_bend, hangedman_decor_points,
          uniq_grinder
Sewer:    sewer_co_tree

Skill      XL: |  1  2  3  4 |
---------------+-------------+-----
Fighting       | 4 5 |  5.5
Unarmed Combat | 4 |  4.0
Armour         | 1 |  1.0
Stealth        | 1 |  1.0
Dodging        | |  2.4

Action                     |  1- 3 |  4- 6 || total
---------------------------+-------+-------++-------
  Melee: Unarmed           |    95 |    63 ||   158
   Fire: Sling             |    24 |    30 ||    54
    Use: Potion            |       |     3 ||     3
 Armour: Robe              |    13 |       ||    13
         Ring mail         |    32 |    37 ||    69
  Dodge: Dodged            |    42 |    26 ||    68
  Block: Buckler           |       |     6 ||     6

Table legend: (Time is in decaauts)
 A = Elapsed time spent in this place.
 B = Non-inter-level travel time spent in this place.
 C = Inter-level travel time spent in this place.
 D = Time resting spent in this place.
 E = Time spent auto-exploring this place.
 F = Levels seen in this place.
 G = Mean time per level.
                   A        B        C        D        E       F      G
               +--------+--------+--------+--------+--------+-----+--------+
         Total |   2438 |   2195 |    243 |    176 |   1222 |   4 |  609.5 |
       Dungeon |   2194 |   1951 |    243 |    136 |   1222 |   3 |  731.3 |
         Sewer |    244 |    244 |      0 |     40 |      0 |   1 |  244.0 |
               +--------+--------+--------+--------+--------+-----+--------+

Top non-repeatable levels by time:
     D:2: 1158 daAuts
     D:1: 892 daAuts
   Sewer: 244 daAuts
     D:3: 143 daAuts
